 Dungeon Sprint DCSS version 0.30-a0-54-g2e61a25929 (webtiles) character file.

Game seed: 12012098732665611681

242 Ankalagon the Blocker (level 6, -1/37 HPs)
             Began as a Gargoyle Fighter on Sept 8, 2022.
             Slain by a water moccasin (5 damage)
             ... in the Dungeon (Sprint II: "The Violet Keep of Menkaure").
             The game lasted 00:00:33 (76 turns).

Ankalagon the Blocker (Gargoyle Fighter)              Turns: 76, Time: 00:00:34

Health: -1/37      AC: 11    Str: 19    XL:     6   Next: 9%
Magic:  6/6        EV:  9    Int:  9    God:
Gold:   243        SH:  6    Dex: 11    Spells: 5/5 levels left

rFire   . . .      SeeInvis .    a - +0 flail
rCold   . . .      Faith    .    c - +0 buckler
rNeg    + . .      Spirit   .    b - +0 scale mail
rPois   ∞          Reflect  .    (no helmet)
rElec   +          Harm     .    (no cloak)
rCorr   .          Rampage  .    (no gloves)
Will    .....      NoTele   +    (no boots)
Stlth   ..........               (no amulet)
HPRegen 0.12/turn                (no ring)
MPRegen 0.10/turn                (no ring)

@: no status effects
A: sickness immunity, AC +4, negative energy resistance 1, electricity
resistance, torment resistance 1, petrification resistance
a: no special abilities


You were in the Dungeon.
You visited 1 branch You collected 243 gold pieces.

Inventory:

Hand Weapons
 a - a +0 flail (weapon)
Armour
 b - a +0 scale mail (worn)
 c - a +0 buckler (worn)
Scrolls
 j - a scroll of blinking
Potions
 d - a potion of might
 e - a potion of curing
 f - a potion of heal wounds
 g - a potion of haste
 h - 2 potions of magic


   Skills:
 - Level 3.2 Fighting
 + Level 8.8 Maces & Flails
 - Level 3.2 Armour
 + Level 10.0 Shields


You had 5 spell levels left.
You didn't know any spells.
Your spell library was empty.

Dungeon Overview and Level Annotations

Branches:
Dungeon (1/1)

Altars:
Cheibriados
Dithmenos
Elyvilon
Fedhas
Gozag
Hepliaklqana
Kikubaaqudgha
Makhleb
Nemelex Xobeh
Okawaru
Qazlal
Ru
Sif Muna
Trog
Uskayaw
Vehumet
Wu Jian
Xom
Yredelemnul
Zin
The Shining One
Jiyva
Lugonu


Innate Abilities, Weirdness & Mutations

You are immune to sickness and miasma.
Your stone body is resilient. (AC +4)
You are immune to poison.
You resist negative energy. (rN+)
You are resistant to electric shocks. (rElec)
You are resistant to unholy torment.
You are immune to petrification.


Message History

You enter the shallow water.
Moving in this stuff is going to be slow.
Found three altars.
Found a shimmering altar of Xom and a sacrificial altar of Ru.
A water moccasin comes into view.
As you open the door, it creaks loudly!
Found four items.
Found five altars.
The water moccasin bites you but does no damage.
There is an open door here.
Found eight items.
Found a roughly hewn altar of Beogh.
You barely miss the water moccasin.
The water moccasin is heavily wounded.
The water moccasin bites you.
* * * LOW HITPOINT WARNING * * *
You block the water moccasin's attack.
You closely miss the water moccasin.
The water moccasin is heavily wounded.
The water moccasin bites you.
* * * LOW HITPOINT WARNING * * *
You miss the water moccasin.
The water moccasin is heavily wounded.
The water moccasin bites you.
* * * LOW HITPOINT WARNING * * *
You sock the water moccasin!
The water moccasin is almost dead.
The water moccasin bites you but does no damage.
You closely miss the water moccasin.
The water moccasin is almost dead.
The water moccasin barely misses you. You block the water moccasin's attack.
You barely miss the water moccasin.
The water moccasin is almost dead.
The water moccasin bites you.
* * * LOW HITPOINT WARNING * * *
You miss the water moccasin.
The water moccasin is almost dead.
The water moccasin closely misses you.
You miss the water moccasin.
The water moccasin is almost dead.
The water moccasin bites you.
You die... .. ...# ..## #..# !!? +# #..# +..# [$$ .## #..# #..# $[((

<.+ +..### ^.### ▓)??)
.## #....###...##▓▓▓▓▓
†## ##......~~~~~~~~~~~
#.####~§.....~#S########
#..#~~~§~~~..~#_@_._...#
..##~~~~~~~~.~#._._._._#
'##~~~≈≈≈~~~~~#_._._._.#
~~~~~§§§≈§≈§§~#._._._._#
#+++#§§≈§≈≈§≈~#.._._._.#
SS ##§≈§###≈≈#..._._._#
S§≈ ##§≈# #≈§#...._._.#
≈≈≈S +≈§# #≈§#....._..#
≈≈≈≈≈ ≈§≈§


You could see a water moccasin.

Vanquished Creatures
  4 necrophages (D)
4 creatures vanquished.

Notes
Turn   | Place    | Note
-------+----------+-------------------------------------------
     0 | D        | Ankalagon the Gargoyle Fighter began the quest for the Orb.
     0 | D        | Reached XP level 1. HP: 14/14 MP: 1/1
     1 | D        | Noticed a necrophage
     1 | D        | Noticed a necrophage
     1 | D        | Noticed a necrophage
     1 | D        | Noticed a necrophage
    10 | D        | Killed a necrophage
    11 | D        | Reached skill level 5 in Maces & Flails
    11 | D        | Reached skill level 6 in Shields
    11 | D        | Reached XP level 2. HP: 18/19 MP: 2/2
    11 | D        | Reached XP level 3. HP: 22/23 MP: 3/3
    11 | D        | Reached XP level 4. HP: 27/28 MP: 4/4
    12 | D        | Killed a necrophage
    13 | D        | Reached skill level 8 in Shields
    13 | D        | Reached XP level 5. HP: 31/32 MP: 5/5
    16 | D        | Reached skill level 9 in Shields
    23 | D        | Reached skill level 10 in Shields
    23 | D        | Reached XP level 6. HP: 29/37 MP: 6/6
    59 | D        | Found an opulent altar of Gozag.
    59 | D        | Found an iron altar of Okawaru.
    60 | D        | Found a sparkling altar of Nemelex Xobeh.
    60 | D        | Found a blossoming altar of Fedhas.
    61 | D        | Found a radiant altar of Vehumet.
    61 | D        | Found a burning altar of Makhleb.
    61 | D        | Found a white marble altar of Elyvilon.
    62 | D        | Found a hide-covered altar of Uskayaw.
    62 | D        | Found a corrupted altar of Lugonu.
    62 | D        | Found a shadowy altar of Dithmenos.
    63 | D        | Found a glowing silver altar of Zin.
    63 | D        | Found a bloodstained altar of Trog.
    63 | D        | Found an ancient bone altar of Kikubaaqudgha.
    64 | D        | Found a basalt altar of Yredelemnul.
    64 | D        | Found a shimmering blue altar of Sif Muna.
    64 | D        | Found a viscous altar of Jiyva.
    65 | D        | Found a shimmering altar of Xom.
    65 | D        | Found a sacrificial altar of Ru.
    65 | D        | Noticed a water moccasin
    67 | D        | Found a glowing golden altar of the Shining One.
    67 | D        | Found an ornate altar of the Wu Jian Council.
    67 | D        | Found a stormy altar of Qazlal.
    67 | D        | Found a snail-covered altar of Cheibriados.
    67 | D        | Found a hazy altar of Hepliaklqana.
    76 | D        | Slain by a water moccasin

Illustrated notes

Levels and vault maps discovered:
D:        the_violet_keep_of_menkaure [sprint2_stairs_cluster_1,
          sprint2_shoproom, sprint2_temple, sprint2_basic_supplies,
          sprint2_obstacle_7, sprint2_obstacle_3, sprint2_obstacle_6,
          sprint2_obstacle_1, sprint2_obstacle_4, sprint2_timed_cluster_1,
          sprint2_smallroom_cluster_1, sprint2_smallroom_final_cluster_1,
          sprint2_transparent_cluster_1, sprint2_second_timed_cluster_1,
          sprint2_sniper_area_1, sprint2_heavy_combat_area_1,
          sprint2_mutation_trap_area_1, sprint2_forest_area_1,
          sprint2_light_combat_area_1, sprint2_behind_water_1,
          sprint2_near_end_vault_1]

Skill      XL: |  1  2  3  4  5 |
---------------+----------------+-----
Maces & Flails | 5 6 8 |  8.8
Shields        | 6 8 10 | 10.0
Fighting       | |  3.2
Armour         | |  3.2

Action                   |  1- 3 |  4- 6 || total
-------------------------+-------+-------++-------
Melee: Flail             |     7 |    19 ||    26
  Use: Potion            |     1 |       ||     1
Armor: Scale mail        |       |     2 ||     2
Dodge: Dodged            |     3 |     3 ||     6
Block: Buckler           |       |     5 ||     5

Table legend: (Time is in decaauts)
 A = Elapsed time spent in this place.
 B = Non-inter-level travel time spent in this place.
 C = Inter-level travel time spent in this place.
 D = Time resting spent in this place.
 E = Time spent auto-exploring this place.
 F = Levels seen in this place.
 G = Mean time per level.
                   A        B        C        D        E       F      G
               +--------+--------+--------+--------+--------+-----+--------+
         Total |     86 |     86 |      0 |     26 |      0 |   1 |   86.0 |
       Dungeon |     86 |     86 |      0 |     26 |      0 |   1 |   86.0 |
               +--------+--------+--------+--------+--------+-----+--------+

Top non-repeatable levels by time:
       D: 86 daAuts
